 Dungeon Crawl Stone Soup version 0.18-a0-1542-g9c1a92e (webtiles) character file.

3184 Ijustatesigmund the Changer (level 9, 0/61 HPs)
             Began as an Octopode Transmuter on Mar 10, 2016.
             Was a Believer of Cheibriados.
             Slain by a wyvern zombie (9 damage)
             ... on level 7 of the Dungeon.
             The game lasted 00:28:45 (8410 turns).

Ijustatesigmund the Changer (Octopode Transmuter)   Turns: 8410, Time: 00:28:45

Health: 0/61       AC:  2    Str: 14    XL:     9   Next: 95%
Magic:  15/18      EV: 24    Int: 24    God:    Cheibriados [**....]
Gold:   374        SH:  0    Dex: 22    Spells: 4 memorised, 9 levels left

rFire  . . .     SeeInvis .       - Unarmed
rCold  . . .     Gourm    .     (shield currently unavailable)
rNeg   . . .     Faith    .     (helmet currently unavailable)
rPois  .         Spirit   .     (no amulet)
rElec  .         Dismiss  .     o - ring of protection from magic
rCorr  .         Reflect  .     d - ring of poison resistance
SustAt .         Harm     .     (no ring)
MR     +....                    (no ring)
Stlth  ++++......               (no ring)
                                (no ring)
                                (no ring)
                                (no ring)

@: spider-form, very slow, somewhat resistant to hostile enchantments, stealthy
A: almost no armour, (amphibious), 8 rings, (constrict 8), (camouflage 0),
(gelatinous body 0)
a: End Transformation, Bend Time, Renounce Religion


You were on level 7 of the Dungeon.
You worshipped Cheibriados.
Cheibriados was pleased with you.
You were not hungry.
You were a venomous arachnid creature.
You visited 2 branches of the dungeon, and saw 8 of its levels.

You collected 374 gold pieces.

Inventory:

Missiles
 e - 18 tomahawks (quivered)
 h - 51 arrows
 s - 9 arrows of flame
Jewellery
 d - a ring of poison resistance (right front leg)
 o - a ring of protection from magic (left front leg)
Wands
 u - a wand of slowing (15/48)
 w - a wand of digging (1/24)
Scrolls
 a - 2 scrolls of teleportation
 j - a scroll of remove curse
 k - a scroll of fear
 p - a scroll of magic mapping
 t - 2 scrolls of identify
Potions
 c - a potion of agility
 f - a potion of cure mutation
 g - 7 potions of curing
 m - 3 potions of cancellation
 n - a potion of magic
 q - 3 potions of might
 r - 2 potions of brilliance
Books
 b - a book of Changes

   Spells                             Type                      Level
   a - Beastly Appendage              Transmutation                1
   b - Sticks to Snakes               Transmutation                2
   c - Spider Form                    Transmutation/Poison         3
   d - Ice Form                       Ice/Transmutation            4
   e - Blade Hands                    Transmutation                5
Comestibles
 i - a bread ration
 l - 2 meat rations


   Skills:
 - Level 5.2 Fighting
 - Level 4.4 Dodging
 - Level 5.4 Stealth
 - Level 5.1 Unarmed Combat
 + Level 6.1 Spellcasting
 + Level 6.6 Transmutations
 - Level 3.4 Poison Magic
 * Level 4.2 Invocations


You had 9 spell levels left.
You knew the following spells:

 Your Spells              Type           Power        Failure   Level  Hunger
a - Beastly Appendage     Trmt           #####.       3%          1    None
b - Sticks to Snakes      Trmt           #####...     4%          2    None
c - Spider Form           Trmt/Pois      ####......   10%         3    #......
d - Blade Hands           Trmt           #####.....   36%         5    #####..


Dungeon Overview and Level Annotations

Branches:
Dungeon (7/15)             Temple (1/1) D:4

Altars:
Ashenzari
Cheibriados
Elyvilon
Fedhas
Gozag
Makhleb
Nemelex Xobeh
Okawaru
Pakellas
Qazlal
Ru
Trog
Yredelemnul
Zin
The Shining One


Innate Abilities, Weirdness & Mutations

You cannot wear most types of armour.
((You are amphibious.))
You can wear up to eight rings at the same time.
((You can use your tentacles to constrict eight enemies at once.))
((Your skin changes colour to match your surroundings (Stealth).))
((Your rubbery body absorbs attacks (AC +1).))


Message History

The adder bites you.
You tentacle-slap the wyvern zombie. The wyvern zombie bites you!
The adder barely misses you. The wyvern zombie barely misses you.
You tentacle-slap the wyvern zombie. You squeeze the wyvern zombie.
The adder closely misses you.
The wyvern zombie bites you but does no damage.
A jackal comes into view.
You tentacle-slap the wyvern zombie. The adder barely misses you.
The jackal moves out of view.
The wyvern zombie bites you!
* * * LOW HITPOINT WARNING * * *
The adder closely misses you.
Read which item? (? for menu, Esc to quit)
Okay, then.
Casting: Spider Form
Confirm with . or Enter, or press ? or * to list all spells.
You turn into a venomous arachnid creature.
The wyvern zombie completely misses you.
The adder barely misses you. The wyvern zombie bites you!
You die...

######### ###.......
######.......#
####............#
#...........>.###
#.##.####.....†.#
#.#>........s.S.#
#.#..#####$.#Z.......
#####.#..#
#..#..[.....
.........#
#..#........
#####.##.#
#..#)...#h.. #.##.#
#..#....# .. #.##.#
#........ . #.##.#
##.#....#. #.##.#


You could see an adder, a wyvern zombie and a jackal.

Vanquished Creatures
  The ghost of Liam the Magician, a novice HEWz of Vehumet (D:5)
  The ghost of Ijustatesigmund the Insei, a novice OpTm of Dithmenos (D:6)
  Eustachio (D:4)
  The ghost of Ijustatesigmund the Insei, an amateur OpTm (D:4)
  Menkaure (D:7)
  A water moccasin (D:5)
  A black bear (D:7)
  4 necrophages (D:6)
  3 centaurs
  3 ogres
  4 phantoms
  A water moccasin zombie (D:6)
  A scorpion (D:4)
  A water moccasin skeleton (D:7)
  3 wights (D:7)
  3 howler monkeys
  A crimson imp (D:5)
  A centaur skeleton (D:5)
  3 hounds
  A centaur zombie (D:6)
  A jelly (D:5)
  3 iguanas
  2 worker ants
  Robin (D:2)
  8 adders
  A shadow imp (D:7)
  An ooze (D:1)
  5 worms
  A dart slug (D:2)
  A giant gecko (D:4)
  8 orcs
  4 giant cockroaches
  14 goblins
  12 hobgoblins
  3 jackals (D:2)
  3 quokkas
  A ball python (D:1)
  8 bats
  8 giant newts
  10 kobolds
  9 rats
140 creatures vanquished.

Vanquished Creatures (collateral kills)
  Terence (D:3)
  A worm (D:3)
  A ball python (D:2)
  5 goblins (D:2)
8 creatures vanquished.

Vanquished Creatures (others)
  A bush (D:6)
  7 plants (D:6)
8 creatures vanquished.

Grand Total: 156 creatures vanquished

Notes
Turn   | Place    | Note
--------------------------------------------------------------
     0 | D:1      | Ijustatesigmund the Octopode Transmuter began the quest for the Orb.
     0 | D:1      | Reached XP level 1. HP: 13/13 MP: 3/3
   149 | D:1      | Reached XP level 2. HP: 9/18 MP: 5/5
   153 | D:1      | Learned a level 2 spell: Sticks to Snakes
   542 | D:1      | Reached XP level 3. HP: 22/24 MP: 6/6
   547 | D:1      | Learned a level 3 spell: Spider Form
   648 | D:2      | Found an opulent altar of Gozag.
   657 | D:2      | Noticed Robin
  1138 | D:2      | Found an iron altar of Okawaru.
  1203 | D:2      | Reached XP level 4. HP: 30/30 MP: 5/7
  1226 | D:2      | Killed Robin
  1605 | D:2      | Found a bloodstained altar of Trog.
  1605 | D:2      | Found a basalt altar of Yredelemnul.
  1774 | D:2      | Found a sparkling altar of Nemelex Xobeh.
  2096 | D:3      | Noticed Terence
  2104 | D:3      | Noticed a phantom
  2115 | D:3      | Killed Terence
  2115 | D:3      | Reached XP level 5. HP: 33/36 MP: 8/8
  2196 | D:3      | Killed a phantom
  2196 | D:3      | Reached skill level 5 in Unarmed Combat
  2683 | D:3      | Found a sacrificial altar of Ru.
  3057 | D:3      | Reached XP level 6. HP: 43/43 MP: 7/9
  3396 | D:4      | Found a sacrificial altar of Ru.
  3396 | D:4      | Noticed Ijustatesigmund's ghost (amateur OpTm)
  3437 | D:4      | Reached skill level 1 in Poison Magic
  3653 | D:4      | Gained mutation: Your magical capacity is low (-10% MP). [potion of mutation]
  3653 | D:4      | Gained mutation: You are resistant to hostile enchantments. [potion of mutation]
  3662 | D:4      | Killed Ijustatesigmund's ghost
  3663 | D:4      | Lost mutation: You are resistant to hostile enchantments. [potion of cure mutation]
  3663 | D:4      | Lost mutation: Your magical capacity is low (-10% MP). [potion of cure mutation]
  3924 | D:4      | Reached skill level 5 in Fighting
  3924 | D:4      | Reached XP level 7. HP: 11/50 MP: 6/10
  4500 | D:4      | Found a staircase to the Ecumenical Temple.
  4509 | Temple   | Entered the Ecumenical Temple
  4523 | Temple   | Became a worshipper of Cheibriados the Contemplative
  4622 | D:4      | Reached skill level 1 in Invocations
  5047 | D:4      | Noticed Eustachio
  5058 | D:5      | Entered Level 5 of the Dungeon
  5467 | D:5      | Learned a level 5 spell: Blade Hands
  5491 | D:5      | Found a white marble altar of Elyvilon.
  5607 | D:5      | Reached XP level 8. HP: 24/55 MP: 12/12
  5933 | D:5      | Reached * piety under Cheibriados
  6233 | D:5      | Noticed Liam's ghost (novice HEWz)
  6253 | D:5      | Killed Liam's ghost
  6487 | D:5      | Reached skill level 1 in Stealth
  6487 | D:5      | Reached skill level 5 in Transmutations
  6585 | D:6      | Reached XP level 9. HP: 56/61 MP: 14/16
  6667 | D:6      | Noticed Ijustatesigmund's ghost (novice OpTm)
  6678 | D:6      | Killed Ijustatesigmund's ghost
  6678 | D:6      | Reached skill level 5 in Spellcasting
  7135 | D:6      | Found a burning altar of Makhleb.
  7149 | D:6      | Found a blossoming altar of Fedhas.
  7328 | D:6      | Reached ** piety under Cheibriados
  7394 | D:6      | Reached skill level 5 in Stealth
  7758 | D:4      | Killed Eustachio
  8287 | D:7      | Found an oddly glowing altar of Pakellas.
  8297 | D:7      | Noticed Menkaure
  8307 | D:7      | Killed Menkaure
  8410 | D:7      | Slain by a wyvern zombie

Vault maps used:
D:1:      dpeg_cavernosity
D:2:      lemuel_round_altar, amethyst_overflow_temple_binary,
          nicolae_gozag_cash_rules_everything_around_me,
          okawaru_ov_weapons_minmay, uniq_robin
D:3:      nicolae_ru_sacrificial_ziggurat, uniq_terence
D:4:      lemuel_round_altar, temple_hall, uniq_eustachio
D:5:      nicolae_overflow_hidden_temple, first_bread, grunt_ministairs_3
D:6:      fedhas_altar_decomposition, basic_altar
D:7:      johnstein_pakellas_dig, uniq_menkaure, uniq_prince_ribbit1
Temple:   water_room_temple_b_12

Skill      XL: |  1  2  3  4  5  6  7  8  9 |
---------------+----------------------------+-----
Fighting       | 2 3 5 |  5.2
Unarmed Combat | 4 5 |  5.1
Poison Magic   | 3 |  3.4
Invocations    | 2 4 |  4.2
Transmutations | 3 5 6 |  6.6
Spellcasting   | 3 4 6 |  6.1
Dodging        | 4 |  4.4
Stealth        | 1 5 |  5.4

Action                   |  1- 3 |  4- 6 |  7- 9 || total
-------------------------+-------+-------+-------++-------
Melee: Unarmed           |    76 |   125 |   288 ||   489
Throw: Throwing net      |       |     1 |       ||     1
       Tomahawk          |       |       |     6 ||     6
 Cast: Beastly Appendage |     5 |    17 |    14 ||    36
       Sticks to Snakes  |     3 |     9 |     8 ||    20
       Spider Form       |       |     1 |    15 ||    16
Invok: Bend Time         |       |       |     1 ||     1
  Use: Scroll            |     4 |     4 |     6 ||    14
       Potion            |       |     9 |     2 ||    11
 Stab: Sleeping          |     3 |     8 |     6 ||    17
       Invisible         |       |     1 |       ||     1
       Distracted        |       |       |     1 ||     1
  Eat: Chunk             |     1 |     5 |     3 ||     9
       Bread ration      |       |     1 |     2 ||     3
       Fruit             |       |       |     3 ||     3
